 Dungeon Crawl Stone Soup version 0.19.4-9-g45fd643 (webtiles) character file.

263 Naow the Cleaver (level 5, -5/67 HPs)
             Began as a Minotaur Berserker on Feb 15, 2017.
             Was a Believer of Trog.
             Slain by Blork the orc
             ... wielding a +2 glaive of chopping
              (6 damage)
             ... on level 4 of the Dungeon.
             The game lasted 00:04:06 (3558 turns).

Naow the Cleaver (Minotaur Berserker)               Turns: 3558, Time: 00:04:06

Health: -5/67      AC:  2    Str: 28    XL:     5   Next: 97%
Magic:  4/4        EV: 12    Int:  4    God:    Trog [**....]
Gold:   153        SH:  0    Dex:  9    Spells: 0 memorised, 4 levels left

rFire  . . .     SeeInvis .     a - +0 hand axe
rCold  . . .     Gourm    .     b - +0 animal skin
rNeg   . . .     Faith    .     (no shield)
rPois  .         Spirit   .     (helmet restricted)
rElec  .         Reflect  .     (no cloak)
rCorr  .         Harm     .     (no gloves)
MR     .....                    (no boots)
Stlth  ..........               (no amulet)
                                (no ring)
                                (no ring)

@: berserking, very quick
A: retaliatory headbutt, horns 2
a: Berserk, Trog's Hand, Burn Spellbooks, Renounce Religion


You were on level 4 of the Dungeon.
You worshipped Trog.
Trog was pleased with you.
You were hungry.

You visited 1 branch of the dungeon, and saw 4 of its levels.

You collected 153 gold pieces.

Inventory:

Hand Weapons
 a - a +0 hand axe (weapon)
Armour
 b - a +0 animal skin (worn)
Jewellery
 e - an uncursed ring of magical power {unknown}
 i - an uncursed ring of protection from fire {unknown}
 s - a +1 ring of protection {unknown}
 y - an uncursed ring of protection from fire {unknown}
Scrolls
 d - a scroll of blinking {unknown}
 g - 4 scrolls of random uselessness {unknown}
 j - a scroll of identify {unknown}
 l - a scroll of fear {unknown}
 r - a scroll of teleportation {unknown}
 w - a scroll of noise {unknown}
 x - a scroll of remove curse {unknown}
Potions
 h - 3 potions of curing {unknown}
 k - a potion of haste {unknown}
 m - a potion of brilliance {unknown}
 n - 2 potions of heal wounds {unknown}
 o - a potion of degeneration {unknown}
 p - a potion of cancellation {unknown}
Books
 v - a book of Callings

   Spells                             Type                      Level
   a - Summon Small Mammal            Summoning                    1
   b - Call Imp                       Summoning                    2
   c - Call Canine Familiar           Summoning                    3
   d - Summon Guardian Golem          Hexes/Summoning              3
   e - Summon Lightning Spire         Summoning/Air                4
   f - Summon Ice Beast               Ice/Summoning                4
   Trog disapproves of the use of such an item.
Comestibles
 c - 2 bread rations
 f - 2 meat rations
 q - a beef jerky
 t - a slice of pizza
 u - a royal jelly


   Skills:
 - Level 3.6 Fighting
 + Level 8.1 Axes
 - Level 2.4 Armour
 - Level 2.1 Dodging


You had 4 spell levels left.
You didn't know any spells.

Dungeon Overview and Level Annotations

Branches:
Dungeon (4/15)
 Temple: D:4-7

Altars:

Annotations:
D:4 Blork the orc


Innate Abilities, Weirdness & Mutations

You reflexively headbutt those who attack you in melee.
You have a pair of horns on your head.


Message History

You slash the orc!
You kill the orc!
Trog accepts your kill.
You miss the frilled lizard. The frilled lizard closely misses you.
You furiously retaliate!
You headbutt the frilled lizard!
You kill the frilled lizard!
Trog accepts your kill.
A magic dart appears from out of thin air!
The magic dart hits you! Something hits you.
You hear some strange, mumbled words.
A puff of frost appears from out of thin air!
The puff of frost misses you. Something hits you! x2
* * * LOW HITPOINT WARNING * * *
x2 A red film seems to cover your vision as you go berserk!
You feel yourself moving faster!
You feel mighty!
You are feeling hungry.
Something hits you.
You die...

#................#+#.....
########.#######.#.##.###
#...............
########....##.##
#......... #.)†....##
#......... #....%....
#@........ #!........
#......... #.........
#.#.##### #.#.# ..#.#
###.#


There were no monsters in sight!

Vanquished Creatures
  A scorpion (D:3)
  Ijyb (D:2)
  A worker ant (D:4)
  7 adders
  4 oozes
  2 dart slugs
  A leopard gecko (D:3)
  2 orcs
  10 bats
  6 giant cockroaches
  10 goblins
  9 hobgoblins
  4 jackals (D:1)
  7 kobolds
  2 quokkas (D:3)
  A ball python (D:2)
  7 frilled lizards
  4 rats
79 creatures vanquished.

Notes
Turn   | Place    | Note
-------+----------+-------------------------------------------
     0 | D:1      | Naow the Minotaur Berserker began the quest for the Orb.
     0 | D:1      | Reached XP level 1. HP: 19/19 MP: 0/0
   173 | D:1      | Reached skill level 4 in Axes
   445 | D:1      | Reached XP level 2. HP: 24/26 MP: 1/1
   886 | D:1      | Reached skill level 5 in Axes
   980 | D:1      | Reached XP level 3. HP: 29/31 MP: 2/2
  1306 | D:2      | Reached ** piety under Trog
  1354 | D:2      | Noticed Ijyb
  1367 | D:2      | Killed Ijyb
  1367 | D:2      | Reached skill level 6 in Axes
  1367 | D:2      | Reached XP level 4. HP: 39/39 MP: 3/3
  2237 | D:3      | Reached skill level 7 in Axes
  2237 | D:3      | Reached XP level 5. HP: 43/45 MP: 4/4
  3185 | D:4      | Reached skill level 8 in Axes
  3549 | D:4      | Noticed Blork the orc
  3556 | D:4      | HP: 1/45 [something (3)]
  3558 | D:4      | Slain by Blork the orc

Skill      XL: |  1  2  3  4  5 |
---------------+----------------+-----
Axes           | 4 5 6 7 8 |  8.1
Fighting       | |  3.6
Armour         | |  2.4
Dodging        | |  2.1

Action                   |  1- 3 |  4- 6 || total
-------------------------+-------+-------++-------
Melee: Hand axe          |    69 |   104 ||   173
       Headbutt          |     5 |    13 ||    18
Invok: Berserk           |     1 |     1 ||     2
 Stab: Sleeping          |     1 |     1 ||     2
  Eat: Chunk             |     1 |     8 ||     9
Armor: Animal skin       |    13 |    20 ||    33
Dodge: Dodged            |    54 |    60 ||   114
